 Dungeon Crawl Stone Soup version 0.26.1-11-gd32895ea62 (webtiles) character file.

Game seed: 16390373097599777016

26 nightchill the Sneak (level 3, -3/20 HPs)
             Began as a Kobold Enchanter on July 28, 2021.
             Slain by an iguana (14 damage)
             ... on level 2 of the Dungeon.
             The game lasted 00:01:27 (1075 turns).

nightchill the Sneak (Kobold Enchanter)             Turns: 1075, Time: 00:01:27

Health: -3/20      AC:  2    Str:  6    XL:     3   Next: 22%
Magic:  6/6        EV: 15    Int: 16    God:
Gold:   38         SH:  0    Dex: 15    Spells: 3/6 levels left

rFire    . . .     SeeInvis .   a - +1 dagger
rCold    . . .     Faith    .   (shield restricted)
rNeg     . . .     Spirit   .   b - +0 robe
rPois    .         Reflect  .   (no helmet)
rElec    .         Harm     .   (no cloak)
rCorr    .         Rampage  .   (no gloves)
Will     .....                  (no boots)
Stlth    ++++......             (no amulet)
HPRegen  0.06/turn              (no ring)
MPRegen  0.10/turn              (no ring)

@: no status effects
A: small, nightstalker 3
a: no special abilities


You were on level 2 of the Dungeon.
You visited 1 branch of the dungeon, and saw 2 of its levels.

You collected 38 gold pieces.

Inventory:

Hand Weapons
 a - a +1 dagger (weapon)
Armour
 b - a +0 robe (worn)
Scrolls
 c - a scroll of identify {unknown}
 d - a scroll of teleportation {unknown}
 f - a scroll of enchant armour {unknown}
Potions
 e - 2 potions of flight {unknown}
 g - a potion of lignification {unknown}


   Skills:
 + Level 1.0 Fighting
 * Level 2.7 Short Blades
 - Level 2.4 Dodging
 - Level 4.0 Stealth
 - Level 2.1 Spellcasting
 * Level 3.4 Hexes


You had 3 spell levels left.
You knew the following spells:

 Your Spells              Type           Power        Failure   Level
a - Corona                Hex            13%          4%          1
b - Ensorcelled Hibernat  Hex/Ice        14%          16%         2

Your spell library contained the following spells:

 Spells                   Type           Power        Failure   Level
 Confusing Touch          Hex            12%          14%         3
 Tukima's Dance           Hex            12%          14%         3
 Dazzling Flash           Conj/Hex       14%          30%         3


Dungeon Overview and Level Annotations

Branches:
Dungeon (2/15)

Altars:
Nemelex Xobeh


Innate Abilities, Weirdness & Mutations

You are small and have problems with some larger weapons.
You are completely attuned to the shadows.


Message History

You now have 38 gold pieces (gained 7).
An iguana and a rat come into view.
The helpless iguana fails to defend itself.
You puncture the iguana!
The iguana is almost dead.
The iguana completely misses you.
You hit the iguana but do no damage.
The iguana is almost dead.
The iguana barely misses you.
You hit the iguana but do no damage.
The iguana is almost dead.
The iguana barely misses you.
You hit the iguana but do no damage.
The iguana is almost dead.
The iguana bites you!
You hit the iguana but do no damage.
The iguana is almost dead.
The iguana bites you!
Ouch! That really hurt!
You die...

######.#
....##.#
###...#.#
....#...#
.###...#.#
.......#.#
#####..#.#
#..#.###
#.r@....
...##l...
##### ....
.### .#


You could see an iguana and a rat.

Vanquished Creatures
  An ooze (D:1)
  A worm (D:2)
  2 dart slugs (D:1)
  A ball python (D:1)
  2 goblins (D:1)
  2 hobgoblins (D:1)
  3 bats (D:1)
  A frilled lizard (D:2)
  A kobold (D:1)
  3 rats (D:1)
17 creatures vanquished.

Notes
Turn   | Place    | Note
-------+----------+-------------------------------------------
     0 | D:1      | nightchill the Kobold Enchanter began the quest for the
                  | Orb.
     0 | D:1      | Reached XP level 1. HP: 10/10 MP: 3/3
    44 | D:1      | Reached XP level 2. HP: 14/16 MP: 5/5
    68 | D:1      | Learned a level 2 spell: Ensorcelled Hibernation
   698 | D:1      | Reached XP level 3. HP: 20/20 MP: 6/6
   844 | D:1      | Reached skill level 1 in Fighting
  1038 | D:2      | Found a sparkling altar of Nemelex Xobeh.
  1075 | D:2      | Slain by an iguana

Illustrated notes

Levels and vault maps discovered:
D:1:      co_arrival_hall_of_pillars, layout_loops_ring
D:2:      layout_loops_ring, yredelemnul_altar_generic,
          nicolae_overflow_crystal_walls, dk_vineyard_2, minivault_4

Skill      XL: |  1  2  3 |
---------------+----------+-----
Short Blades   | 2 |  2.7
Fighting       | 1 |  1.0
Dodging        | |  2.4
Stealth        | |  4.0
Spellcasting   | |  2.1
Hexes          | |  3.4

Action                   || total
-------------------------++-------
Melee: Dagger            ||    41
 Cast: Ensorcelled Hiber ||     3
       Corona            ||     1
 Stab: Sleeping          ||    12
Armor: Robe              ||     2
Dodge: Dodged            ||    18
